 Dungeon Crawl Stone Soup version 0.22-a0-388-g09e6169 (webtiles) character file.

127 JeffiDaFish the Grave Robber (level 4, 0/33 HPs)
             Began as a Draconian Necromancer on Apr 29, 2018.
             Succumbed to Synzig's ghost's poison
             ... on level 3 of the Dungeon.
             The game lasted 00:07:09 (4086 turns).

JeffiDaFish the Grave Robber (DrNe)                 Turns: 4086, Time: 00:07:10

Health: 0/33       AC:  5    Str: 10    XL:     4   Next: 85%
Magic:  1/8        EV: 12    Int: 16    God:
Gold:   66         SH:  0    Dex: 12    Spells: 2/9 levels left

rFire    . . .     SeeInvis .   c - +2 dagger (venom)
rCold    . . .     Gourm    .   (no shield)
rNeg     . . .     Faith    .   (armour unavailable)
rPois    .         Spirit   .   (helmet restricted)
rElec    .         Reflect  .   (no cloak)
rCorr    .         Harm     .   (no gloves)
MR       .....                  (no boots)
Stlth    +.........             (no amulet)
HPRegen  1.11/turn              (no ring)
MPRegen  0.11/turn              (no ring)

@: lethally poisoned (0 -> -8), regenerating, very slow
A: unfitting armour, cold-blooded, AC +5
a: no special abilities


You were on level 3 of the Dungeon.
You were not hungry.

You visited 1 branch of the dungeon, and saw 3 of its levels.

You collected 66 gold pieces.

Inventory:

Hand Weapons
 c - a +2 dagger of venom (weapon)
Jewellery
 g - an uncursed ring of ice {unknown}
Scrolls
 a - 2 scrolls of fear
 d - a scroll of amnesia
 e - a scroll of enchant armour
 i - a scroll of identify
Potions
 h - a potion of flight
Comestibles
 b - 7 rations
 f - 2 chunks of flesh


   Skills:
 - Level 2.0 Dodging
 - Level 1.7 Stealth
 + Level 3.1 Spellcasting
 * Level 5.5 Necromancy


You had 2 spell levels left.
You knew the following spells:

 Your Spells              Type           Power        Failure   Level  Hunger
a - Pain                  Necr           ###.         1%          1    None
b - Vampiric Draining     Necr           ###.......   6%          3    ###....
c - Regeneration          Chrm/Necr      ##........   19%         3    ###....


Dungeon Overview and Level Annotations

Branches:
Dungeon (3/15)

Altars:
Fedhas
Hepliaklqana
Qazlal
Xom

Annotations:
D:3 Synzig's ghost, amateur OpFi


Innate Abilities, Weirdness & Mutations

Your plain brown scales are hard. (AC +5)
You cannot fit into any form of body armour.
You are cold-blooded and may be slowed by cold attacks.


Message History

Synzig's ghost hits you.
You are lethally poisoned!
Casting: Regeneration (safe; 19% risk of failure)
Confirm with . or Enter, or press ? or * to list all spells.
Your skin crawls.
* * * LOW HITPOINT WARNING * * *
You feel very sick. Synzig's ghost misses you.
* * * LOW HITPOINT WARNING * * *
You feel very sick.
Okay, then.
Okay, then.
You enter the shallow water.
Moving in this stuff is going to be slow.
* * * LOW HITPOINT WARNING * * *
You feel very sick.
* * * LOW HITPOINT WARNING * * *
You feel very sick. Synzig's ghost closely misses you.
You die...

## #.÷.(###≈≈≈≈≈≈≈##
#......
#..#.##≈#######≈#
####.##
#.....#.#≈w≈≈##≈# #..
### ##....#≈#≈###w#≈#
###. ... #.#.##≈#
#≈#≈# #.
###.##....#≈# #l#≈#
#. ..........#≈#
#W#≈# #.
###.#..)..#≈#####≈#.#
#. #
##....##≈†.≈@##≈# #.
## ##...########.##
#. .# #..## #.# #.
.##.###.## #.# #.
.##.....####
#.#############.
.##........#
#...............
.##.######.#
###.##.#######..
....# #.# #.##.###
### .#### #.#
#......######.


You could see a worm, Synzig's ghost and a leopard gecko.

Vanquished Creatures
  5 adders
  A river rat (D:3)
  An ooze (D:3)
  5 worms
  A dart slug (D:1)
  A leopard gecko (D:2)
  An orc (D:3)
  2 giant cockroaches
  5 goblins
  5 hobgoblins
  4 jackals
  A quokka (D:3)
  5 bats
  2 frilled lizards (D:1)
  6 kobolds (D:3)
  11 rats
56 creatures vanquished.

Notes
Turn   | Place    | Note
-------+----------+-------------------------------------------
     0 | D:1      | JeffiDaFish the Draconian Necromancer began the quest for the Orb.
     0 | D:1      | Reached XP level 1. HP: 14/14 MP: 3/3
   742 | D:1      | Reached XP level 2. HP: 19/20 MP: 1/5
  1371 | D:2      | Found a shimmering altar of Xom.
  1835 | D:2      | Reached XP level 3. HP: 23/26 MP: 2/6
  2129 | D:2      | Found a blossoming altar of Fedhas.
  2563 | D:2      | Found a stormy altar of Qazlal.
  2793 | D:2      | Reached skill level 5 in Necromancy
  2816 | D:2      | Learned a level 3 spell: Vampiric Draining
  2820 | D:2      | Learned a level 3 spell: Regeneration
  3189 | D:3      | Reached XP level 4. HP: 32/33 MP: 5/8
  3300 | D:3      | Found a hazy altar of Hepliaklqana.
  3301 | D:3      | Found a shimmering altar of Xom.
  3301 | D:3      | Noticed a wyvern
  3302 | D:3      | Noticed a wyvern
  3302 | D:3      | Noticed a spectral ugly thing
  4069 | D:3      | Noticed Synzig's ghost (amateur OpFi)
  4085 | D:3      | HP: 1/33 [poisoned by Synzig's ghost]
  4086 | D:3      | Succumbed to Synzig's ghost's poison

Vault maps used:
D:1:      dpeg_arrival_simpleton_b
D:2:      marbit_many_paths, nicolae_qazlal_general_emergency,
          hangedman_decor_clover_reticule, xom_teletrap_fun
D:3:      regret_index_temple_of_mockery, first_ration, gup_sewer_entry_spiral,
          minmay_rat_hole

Skill      XL: |  1  2  3  4 |
---------------+-------------+-----
Dodging        | 2 |  2.0
Necromancy     | 5 |  5.5
Spellcasting   | 3 |  3.1
Stealth        | |  1.7

Action                   |  1- 3 |  4- 6 || total
-------------------------+-------+-------++-------
Melee: Dagger            |    42 |    40 ||    82
       Unarmed           |     2 |       ||     2
       Tailslap          |     1 |     7 ||     8
 Cast: Pain              |    56 |    24 ||    80
       Vampiric Draining |       |     5 ||     5
       Regeneration      |       |     3 ||     3
  Use: Scroll            |     7 |     1 ||     8
       Potion            |     2 |       ||     2
  Eat: Chunk             |     7 |     4 ||    11
Armor: Skin              |    23 |     7 ||    30
Dodge: Dodged            |    40 |    24 ||    64

Table legend:
 A = Spawn XP
 B = Non-spawn XP
 C = Spawn XP percentage of total XP
 D = Spawn monster count
 E = Non-spawn monster count
 F = Spawn count percentage of total count
 G = Total turns spent on level
                    A         B        C        D         E        F      G
               +---------+---------+-------+---------+---------+-------+---------
         Total |       0 |     182 |   0.0 |       0 |      56 |   0.0 |  4086
               +---------+---------+-------+---------+---------+-------+---------
           D:1 |       0 |      25 |   0.0 |       0 |      17 |   0.0 |  1362
           D:2 |       0 |      67 |   0.0 |       0 |      13 |   0.0 |  1688
           D:3 |       0 |      90 |   0.0 |       0 |      26 |   0.0 |  1036
               +---------+---------+-------+---------+---------+-------+---------
